 Dungeon Crawl Stone Soup version 0.27-a0-1200-g94dc6ad4cf (webtiles) character file.

Game seed: 16741771457794439010

263 Glokmah the Grasshopper (level 5, -3/43 HPs)
             Began as a Palentonga Warper on May 30, 2021.
             Was a Priest of Dithmenos.
             Killed by nerve-wracking pain
             ... invoked by Grinder
              (8 damage)
             ... on level 3 of the Dungeon.
             The game lasted 00:08:43 (4206 turns).

Glokmah the Grasshopper (Palentonga Warper)         Turns: 4206, Time: 00:08:43

Health: -3/43      AC:  4    Str: 14    XL:     5   Next: 97%
Magic:  9/9        EV:  9    Int: 13    God:    Dithmenos [***...]
Gold:   97         SH:  0    Dex: 11    Spells: 5/10 levels left

rFire    . . .     SeeInvis +   g - +2 dagger (venom)
rCold    . . .     Faith    .   (no shield)
rNeg     . . .     Spirit   .   b - +0 leather armour
rPois    .         Reflect  .   (no helmet)
rElec    .         Harm     .   (no cloak)
rCorr    .         Rampage  .   (no gloves)
Will     .....                  (no barding)
Stlth    +.........             (no amulet)
HPRegen  0.14/turn              (no ring)
MPRegen  0.11/turn              (no ring)

@: wreathed by umbra
A: large, rugged brown scales 3, see invisible, deformed body, roll 1, armoured
tail
a: Rolling Charge, Renounce Religion, Shadow Step


You were on level 3 of the Dungeon.
You worshipped Dithmenos.
Dithmenos was most pleased with you.
You visited 1 branch of the dungeon, and saw 3 of its levels.
You also visited: Sewer.

You collected 97 gold pieces.

Inventory:

Hand Weapons
 a - a +0 hand axe
 g - a +2 dagger of venom (weapon)
Missiles
 e - 5 boomerangs of dispersal (quivered)
 i - 14 poisoned darts
Armour
 b - a +0 leather armour (worn)
 k - a +0 chain mail
 q - a +0 buckler
Jewellery
 p - a ring of ice
 s - a ring of see invisible
Scrolls
 c - 2 scrolls of noise {unknown}
 f - a scroll of acquirement {unknown}
 h - a scroll of enchant armour {unknown}
 m - a scroll of teleportation {unknown}
 n - a scroll of identify {unknown}
Potions
 j - a potion of might {unknown}
 l - a potion of haste {unknown}
 o - a potion of berserk rage
 r - a potion of mutation {unknown}


   Skills:
 + Level 3.0 Fighting
 * Level 3.0 Axes
 - Level 0.6 Throwing
 - Level 0.7 Armour
 - Level 1.5 Dodging
 * Level 1.8 Shields
 - Level 3.0 Spellcasting
 * Level 4.6 Translocations


You had 5 spell levels left.
You knew the following spells:

 Your Spells              Type           Power      Damage    Failure   Level
a - Blink                 Tloc           N/A        N/A       7%          2
b - Gell's Gravitas       Tloc           6%         N/A       13%         3

Your spell library contained the following spells:

 Spells                   Type           Power      Damage    Failure   Level
 Lesser Beckoning         Tloc           6%         N/A       13%         3
 Teleport Other           Tloc           13%        N/A       13%         3
 Manifold Assault         Tloc           13%        N/A       77%         5


Dungeon Overview and Level Annotations

Branches:
Dungeon (3/15)              Sewer (visited)

Altars:
Dithmenos
Okawaru
Trog

Shops:
D:3 (

Annotations:
D:3 Grinder


Innate Abilities, Weirdness & Mutations

You are completely covered in rugged brown scales. (AC +3, +7% HP)
You have supernaturally acute eyesight. (SInv)
Armour fits poorly on your strangely shaped body.
You can roll at nearby foes to attack.
You have a long armoured tail.


Message History

You hit the adder.
The adder looks as sick as possible!
The adder is severely wounded.
You feel sick. The adder bites you but does no damage.
The kobold closely misses you. The worm barely misses you. The adder bites you.
You hit the adder.
The adder looks as sick as possible!
The adder is almost dead.
You feel sick.
You kill the adder!
Dithmenos accepts your kill. The kobold barely misses you.
Your Fighting skill increases to level 3!
You barely miss the kobold.
You feel sick.
You are no longer poisoned.
The kobold closely misses you. The worm bites you!
You closely miss the kobold.
Grinder comes into view.
The kobold barely misses you. The worm bites you.
You barely miss the kobold.
Grinder shouts!
Grinder blinks!
The kobold hits you with a +0 short sword.
You barely miss the kobold. The kobold hits you but does no damage.
The worm bites you but does no damage.
You completely miss the kobold. The kobold hits you but does no damage.
You hit the kobold but do no damage.
Grinder says, "Don't move a muscle."
The kobold barely misses you. The worm barely misses you.
You closely miss the kobold.
The kobold hits you with a +0 short sword.
The worm bites you!
* * * LOW HITPOINT WARNING * * *
Unknown command.
Blink to where?
Press: ? - help, Dir - move target, p - kobold
As you read the scroll of blinking, it crumbles to dust.
The kobold throws a poisoned dart.
The poisoned dart barely misses you.
Unknown command.
Grinder gestures at you. Pain shoots through your body!
You die...

# ## .# .# ############
.#### #.!........#
....## #..§K5.....##..
##.[.#####...w.........#
#...................#
####......$..#..@##.
....####.###...#.# ....#
#.>###...... ...8.
<.8.##.##.##. ....#
###..# .##.#
....######.. #.#
.........##.. ..#
...<.......#$.#...
....#####.. .#


You could see Grinder, a worm and a kobold.

Vanquished Creatures
  9 adders
  2 gnolls
  2 worms (D:3)
  3 dart slugs
  An orc (D:3)
  5 bats
  19 endoplasms
  24 giant cockroaches
  5 goblins
  6 hobgoblins
  4 jackals
  3 kobolds
  12 quokkas
  21 ball pythons
  19 frilled lizards
  4 rats
139 creatures vanquished.

Vanquished Creatures (others)
  A rat (D:3)
1 creature vanquished.

Grand Total: 140 creatures vanquished

Notes
Turn   | Place    | Note
-------+----------+-------------------------------------------
     0 | D:1      | Glokmah the Palentonga Warper began the quest for the Orb.
     0 | D:1      | Reached XP level 1. HP: 17/17 MP: 3/3
   391 | D:1      | Reached XP level 2. HP: 23/23 MP: 5/5
   463 | D:1      | Learned a level 2 spell: Blink
   525 | D:1      | Reached XP level 3. HP: 20/28 MP: 6/6
   652 | D:1      | Found a faded altar of an unknown god.
   659 | D:1      | Became a worshipper of Dithmenos the Shadowed
   659 | D:1      | Reached * piety under Dithmenos
  1761 | D:2      | Reached XP level 4. HP: 31/36 MP: 7/7
  2304 | D:2      | Reached skill level 4 in Translocations
  2598 | D:3      | Found a glowing drain.
  2621 | D:3      | Found Bozimn's Antique Weapon Shop.
  2623 | Sewer    | Entered a sewer
  2853 | Sewer    | Reached ** piety under Dithmenos
  2885 | Sewer    | Reached XP level 5. HP: 35/41 MP: 9/9
  3093 | Sewer    | Reached skill level 1 in Shields
  3719 | D:3      | Reached *** piety under Dithmenos
  3887 | D:3      | Learned a level 3 spell: Gell's Gravitas
  3935 | D:3      | Found a bloodstained altar of Trog.
  3935 | D:3      | Found an iron altar of Okawaru.
  4199 | D:3      | Noticed Grinder
  4206 | D:3      | Killed from afar by Grinder

Illustrated notes

Levels and vault maps discovered:
D:1:      minmay_arrival_doors, layout_loops_ring,
          hellmonk_ecumenical_altar_leap_of_faith, minmay_lizard_pond
D:2:      layout_loops_corners, hangedman_feature_mirror
D:3:      layout_rooms, grunt_temple_overflow_bloody_war, led_sif_book,
          serial_shops, shop, nicolae_shop_behind_doors, shop_statue, shop,
          cheibrodos_sewer_entry_drain, serial_curves, eino_curves_04,
          eino_curves_04, kennysheep_flooded_box, lemuel_old_faithful,
          uniq_grinder

Skill      XL: |  1  2  3  4  5 |
---------------+----------------+-----
Translocations | 4 |  4.6
Shields        | 1 |  1.8
Spellcasting   | 3 |  3.0
Axes           | 3 |  3.0
Fighting       | 3 |  3.0
Throwing       | |  0.6
Armour         | |  0.7
Dodging        | |  1.5

Action                   |  1- 3 |  4- 6 || total
-------------------------+-------+-------++-------
Melee: Hand axe          |    30 |       ||    30
       Tailslap          |     9 |    31 ||    40
       Dagger            |    91 |   235 ||   326
Invok: Shadow Step       |       |     1 ||     1
 Abil: Rolling Charge    |     3 |    16 ||    19
  Use: Potion            |       |     2 ||     2
       Scroll            |       |     1 ||     1
 Stab: Sleeping          |     1 |     1 ||     2
Armor: Leather armour    |    37 |    96 ||   133
Dodge: Dodged            |    53 |   156 ||   209

Table legend: (Time is in decaauts)
 A = Elapsed time spent in this place.
 B = Non-inter-level travel time spent in this place.
 C = Inter-level travel time spent in this place.
 D = Time resting spent in this place.
 E = Time spent auto-exploring this place.
 F = Levels seen in this place.
 G = Mean time per level.
                   A        B        C        D        E       F      G
               +--------+--------+--------+--------+--------+-----+--------+
         Total |   4286 |   4151 |    135 |    800 |   2472 |   4 | 1071.5 |
       Dungeon |   3136 |   3001 |    135 |    371 |   2095 |   3 | 1045.3 |
         Sewer |   1150 |   1150 |      0 |    429 |    377 |   1 | 1150.0 |
               +--------+--------+--------+--------+--------+-----+--------+

Top non-repeatable levels by time:
     D:2: 1378 daAuts
     D:1: 1228 daAuts
   Sewer: 1150 daAuts
     D:3: 528 daAuts
